[Event "69th RUS-ch Women Higher League 2019"]
[Site "Yaroslavl"]
[Date "2019.06.27"]
[Round "1.19"]
[White "Faizutdinova, Diana"]
[Black "Tomilova, Elena"]
[Result "0-1"]
[ECO "A13"]
[WhiteElo "2061"]
[BlackElo "2289"]
[Annotator "NA"]
[PlyCount "112"]
[EventDate "2019.06.27"]
[EventType "swiss"]
[EventCountry "RUS"]
[SourceTitle "playchess.com"]
[Source "ChessBase"]
[SourceQuality "1"]
[TimeControl "40/5400+30:1800+30"]

1. c4 e6 2. Nf3 Nf6 3. b3 d5 4. e3 Be7 5. Bb2 O-O 6. Be2 b6 7. cxd5 Nxd5 8. O-O Bb7 9. d4 Nd7 10. Nbd2 c5 11. Ne5 cxd4 12. Bxd4 Nxe5 13. Bxe5 Bf6 14. Bxf6 Qxf6 15. Bf3 Rfd8 16. Ne4 Qg6 17. Qb1 f5 18. Ng3 Qf6 19. b4 Nc3 20. Qb3 Bxf3 21. gxf3 Rac8 22. Kh1 Kh8 23. Rac1 b5 24. Rc2 Rc4 25. Rfc1 Rdc8 26. f4 e5 27. Kg1 exf4 28. exf4 Qd4 29. Re1 h6 30. Nxf5 Qxf4 31. Ng3 Qg5 32. Qa3 h5 33. h4 Qxh4 34. Qxa7 Qg4 35. Qf7 h4 36. Re8+ Rxe8 37. Qxe8+ Kh7 38. Qh5+ Qxh5 39. Nxh5 Nd5 40. Rd2 Nxb4 41. Rd7 Kh6 42. Nxg7 Rg4+ 43. Kf1 Rxg7 44. Rd4 Nxa2 45. Rxh4+ Kg5 46. Rh3 Rc7 47. Rb3 Rc5 48. Ke1 Nc1 49. Rb1 Nd3+ 50. Ke2 Ne5 51. Ke3 Nc6 52. Rg1+ Kf6 53. Kd3 b4 54. Rh1 b3 55. Rh7 Nb4+ 56. Kd4 Rc1 0-1

[Event "69th RUS-ch Women Higher League 2019"]
[Site "Yaroslavl"]
[Date "2019.06.27"]
[Round "1.20"]
[White "Maletina, Tatiana"]
[Black "Mokshanova, Elizaveta"]
[Result "1/2-1/2"]
[ECO "E81"]
[WhiteElo "2273"]
[BlackElo "2020"]
[Annotator "NA"]
[PlyCount "174"]
[EventDate "2019.06.27"]
[EventType "swiss"]
[EventCountry "RUS"]
[SourceTitle "playchess.com"]
[Source "ChessBase"]
[SourceQuality "1"]
[TimeControl "40/5400+30:1800+30"]

1. d4 Nf6 2. c4 g6 3. f3 Bg7 4. e4 d6 5. Nc3 O-O 6. Be3 c5 7. Nge2 Nc6 8. d5 Na5 9. b3 e6 10. dxe6 fxe6 11. e5 Ne8 12. Bxc5 Bxe5 13. Bd4 Nc6 14. Bxe5 Nxe5 15. f4 Ng4 16. h3 Ne3 17. Qd2 Nxf1 18. Rxf1 Qh4+ 19. Kd1 e5 20. Kc2 Ng7 21. Kb2 Be6 22. Rad1 Rad8 23. Qe3 Nf5 24. Qd3 Rd7 25. g4 Ne7 26. Qe3 Nc6 27. Rd2 Qe7 28. Qe4 Qf7 29. Rdd1 Qf6 30. Qg2 Qg7 31. Qe4 Qf6 32. Nd5 Bxd5 33. Qxd5+ Rdf7 34. Kb1 exf4 35. Rxf4 Qe5 36. Re4 Qh2 37. Qxd6 Qg2 38. Qd5 Qxh3 39. Rf4 Qe3 40. Rxf7 Rxf7 41. Rf1 Qe7 42. c5 Kg7 43. Nf4 Kg8 44. Nd3 Kg7 45. Re1 Qd7 46. Qc4 Qd4 47. Qxd4+ Nxd4 48. Kb2 Rf3 49. Kc3 Nc6 50. b4 a6 51. Re4 Kf6 52. Kc4 Kg5 53. a4 Rg3 54. b5 axb5+ 55. axb5 Na7 56. Ne5 h5 57. gxh5 gxh5 58. c6 bxc6 59. b6 Nc8 60. Nf7+ Kf6 61. b7 Nb6+ 62. Kc5 Nd7+ 63. Kxc6 Nb8+ 64. Kc7 Kxf7 65. Kxb8 Rb3 66. Kc7 Rc3+ 67. Kb6 Rb3+ 68. Kc6 Kf6 69. Re8 Rxb7 70. Kxb7 Kf5 71. Kc6 h4 72. Kd5 Kf4 73. Rf8+ Kg3 74. Ke4 h3 75. Ke3 Kg2 76. Rf2+ Kg3 77. Rf8 Kg2 78. Rg8+ Kf1 79. Rf8+ Kg2 80. Rf2+ Kg3 81. Rf8 Kg2 82. Kf4 h2 83. Rg8+ Kf2 84. Ra8 h1=Q 85. Ra2+ Kf1 86. Ra1+ Kg2 87. Rxh1 Kxh1 1/2-1/2

[Event "69th RUS-ch Women Higher League 2019"]
[Site "Yaroslavl"]
[Date "2019.06.27"]
[Round "1.21"]
[White "Loskutova, Viktoriya"]
[Black "Dimitrova, Aleksandra"]
[Result "1-0"]
[ECO "B13"]
[WhiteElo "2019"]
[BlackElo "2273"]
[Annotator "NA"]
[PlyCount "97"]
[EventDate "2019.06.27"]
[EventType "swiss"]
[EventCountry "RUS"]
[SourceTitle "playchess.com"]
[Source "ChessBase"]
[SourceQuality "1"]
[TimeControl "40/5400+30:1800+30"]

1. e4 c6 2. d4 d5 3. exd5 cxd5 4. Bd3 Nc6 5. c3 Qc7 6. h3 Nf6 7. Na3 a6 8. Nc2 g6 9. Ne2 Bg7 10. O-O O-O 11. Bf4 Qd8 12. a4 Ne8 13. Ne3 Be6 14. Bh2 f6 15. c4 dxc4 16. Bxc4 Bxc4 17. Nxc4 Nd6 18. Bxd6 exd6 19. Qb3 Rf7 20. d5 Ne5 21. Nb6 Rb8 22. Nd4 f5 23. Ne6 Qh4 24. f4 Nd7 25. Nxd7 Rxd7 26. Rac1 Qf6 27. Rc2 h6 28. Rfc1 Kh8 29. a5 Re8 30. Qa4 Qf7 31. b3 Kh7 32. Qb4 Ree7 33. Rc8 Re8 34. R8c7 Ree7 35. Qxb7 Rxc7 36. Rxc7 Rxc7 37. Qxc7 Qxc7 38. Nxc7 Bc3 39. Nxa6 Bxa5 40. b4 Bb6+ 41. Kf1 Kg7 42. Ke2 Kf7 43. Kd3 Ke7 44. Nb8 g5 45. Nc6+ Kd7 46. Nd4 Bxd4 47. Kxd4 Kc7 48. fxg5 hxg5 49. g3 1-0

[Event "69th RUS-ch Women Higher League 2019"]
[Site "Yaroslavl"]
[Date "2019.06.27"]
[Round "1.22"]
[White "Protopopova, Anastasiya"]
[Black "Tokmakova, Ulyana"]
[Result "1-0"]
[ECO "A40"]
[WhiteElo "2272"]
[BlackElo "1878"]
[Annotator "NA"]
[PlyCount "53"]
[EventDate "2019.06.27"]
[EventType "swiss"]
[EventCountry "RUS"]
[SourceTitle "playchess.com"]
[Source "ChessBase"]
[SourceQuality "1"]
[TimeControl "40/5400+30:1800+30"]

1. d4 e6 2. c4 d5 3. Nf3 c5 4. cxd5 exd5 5. g3 Nc6 6. Bg2 Nf6 7. O-O Be7 8. dxc5 Bxc5 9. a3 O-O 10. b4 Bd6 11. Nc3 Be6 12. Ng5 Be5 13. Nxe6 fxe6 14. Bb2 Rc8 15. Rc1 Nd7 16. b5 Na5 17. Nxd5 Rxc1 18. Bxc1 exd5 19. Qxd5+ Kh8 20. Bh3 Qf6 21. Bxd7 Bd4 22. Bg5 Qb6 23. Be7 Rxf2 24. Rxf2 Bxf2+ 25. Kg2 Bd4 26. Qf7 h6 27. Be6 1-0

[Event "69th RUS-ch Women Higher League 2019"]
[Site "Yaroslavl"]
[Date "2019.06.27"]
[Round "1.23"]
[White "Yakushina, Ekaterina"]
[Black "Borisova, Ekaterina"]
[Result "0-1"]
[ECO "D30"]
[WhiteElo "1783"]
[BlackElo "2267"]
[Annotator "NA"]
[PlyCount "60"]
[EventDate "2019.06.27"]
[EventType "swiss"]
[EventCountry "RUS"]
[SourceTitle "playchess.com"]
[Source "ChessBase"]
[SourceQuality "1"]
[TimeControl "40/5400+30:1800+30"]

1. d4 d5 2. c4 e6 3. Nf3 Nf6 4. g3 g6 5. Bg2 Bg7 6. O-O O-O 7. Nc3 c6 8. Qc2 b6 9. Rd1 Ba6 10. cxd5 exd5 11. Bf4 Nbd7 12. Rac1 Re8 13. e3 Qe7 14. Ne5 Bb7 15. Qa4 Nxe5 16. Bxe5 Bh6 17. Nxd5 Nxd5 18. Bxd5 b5 19. Qb3 cxd5 20. Rc7 Qe6 21. Rxb7 a6 22. Rc1 f6 23. Bc7 Rac8 24. Rc5 Bf8 25. Rxd5 Kh8 26. Ba5 Rc1+ 27. Kg2 Qe4+ 28. Kh3 Rg1 29. f3 Qxf3 30. e4 Qg2+ 0-1

[Event "69th RUS-ch Women Higher League 2019"]
[Site "Yaroslavl"]
[Date "2019.06.27"]
[Round "1.24"]
[White "Potapova, Margarita"]
[Black "Dzutseva, Lana"]
[Result "1-0"]
[ECO "D43"]
[WhiteElo "2256"]
[BlackElo "1325"]
[Annotator "NA"]
[PlyCount "75"]
[EventDate "2019.06.27"]
[EventType "swiss"]
[EventCountry "RUS"]
[SourceTitle "playchess.com"]
[Source "ChessBase"]
[SourceQuality "1"]
[TimeControl "40/5400+30:1800+30"]

1. d4 d5 2. c4 e6 3. Nc3 Nf6 4. Nf3 c6 5. Bg5 Be7 6. e3 Nbd7 7. Bd3 O-O 8. O-O dxc4 9. Bxc4 Nd5 10. Bxe7 Qxe7 11. Qe2 b6 12. Rac1 Bb7 13. Nxd5 exd5 14. Ba6 Bxa6 15. Qxa6 Qd6 16. Rfd1 f5 17. g3 h6 18. Rc2 Rfc8 19. Rdc1 Rc7 20. Nh4 g6 21. Qd3 Kg7 22. Qxf5 Rf8 23. Qg4 a5 24. Re1 c5 25. e4 h5 26. Qg5 dxe4 27. Rxe4 Qf6 28. Qe3 Rf7 29. Re6 Qd8 30. Rxg6+ Kh8 31. Rh6+ Rh7 32. Rxh7+ Kxh7 33. Qe4+ Kg8 34. Qg6+ Kf8 35. Qd6+ Kf7 36. Nf5 Rc8 37. Re2 Nf6 38. Re7+ 1-0

[Event "69th RUS-ch Women Higher League 2019"]
[Site "Yaroslavl"]
[Date "2019.06.28"]
[Round "2.1"]
[White "Galliamova, Alisa"]
[Black "Goltseva, Ekaterina"]
[Result "1/2-1/2"]
[ECO "A07"]
[WhiteElo "2444"]
[BlackElo "2304"]
[Annotator "NA"]
[PlyCount "67"]
[EventDate "2019.06.27"]
[EventType "swiss"]
[EventCountry "RUS"]
[SourceTitle "playchess.com"]
[Source "ChessBase"]
[SourceQuality "1"]
[TimeControl "40/5400+30:1800+30"]

1. Nf3 d5 2. g3 Nf6 3. Bg2 c6 4. O-O Bg4 5. d3 Nbd7 6. c4 e6 7. cxd5 exd5 8. e4 Be7 9. h3 Bh5 10. Nc3 dxe4 11. dxe4 Nc5 12. Qxd8+ Rxd8 13. Nh4 Bg6 14. Nxg6 hxg6 15. Be3 Nfd7 16. Rad1 O-O 17. f4 Nb6 18. b3 Ne6 19. f5 gxf5 20. exf5 Bc5 21. Kf2 Bxe3+ 22. Kxe3 Nc5 23. Rxd8 Rxd8 24. Rd1 Re8+ 25. Kd4 Na6 26. a3 c5+ 27. Kd3 c4+ 28. Kc2 cxb3+ 29. Kxb3 Nc5+ 30. Kb4 Na6+ 31. Kb3 Nc5+ 32. Kb4 Na6+ 33. Kb3 Nc5+ 34. Kb4 1/2-1/2

[Event "69th RUS-ch Women Higher League 2019"]
[Site "Yaroslavl"]
[Date "2019.06.28"]
[Round "2.2"]
[White "Dordzhieva, Dinara"]
[Black "Bodnaruk, Anastasia"]
[Result "1/2-1/2"]
[ECO "E63"]
[WhiteElo "2306"]
[BlackElo "2440"]
[Annotator "NA"]
[PlyCount "78"]
[EventDate "2019.06.27"]
[EventType "swiss"]
[EventCountry "RUS"]
[SourceTitle "playchess.com"]
[Source "ChessBase"]
[SourceQuality "1"]
[TimeControl "40/5400+30:1800+30"]

1. d4 Nf6 2. c4 g6 3. g3 Bg7 4. Bg2 O-O 5. Nf3 d6 6. Nc3 Nc6 7. O-O a6 8. d5 Na5 9. Nd2 c5 10. Qc2 Rb8 11. a4 e6 12. b3 exd5 13. cxd5 b5 14. axb5 axb5 15. Bb2 Re8 16. Rfe1 Bf5 17. e4 Bd7 18. h3 Qb6 19. Ne2 b4 20. Nf4 Bb5 21. Nd3 Bxd3 22. Qxd3 c4 23. Nxc4 Nxc4 24. Qxc4 Nxe4 25. Rxe4 Rxe4 26. Bxe4 Bxb2 27. Ra6 Qd8 28. Kg2 Qe7 29. Bf3 Bc3 30. Qc6 Rd8 31. Ra8 Rxa8 32. Qxa8+ Kg7 33. Qa6 Qe1 34. Qd3 Qc1 35. Be2 Qb2 36. Qc4 Qd2 37. Qd3 Qb2 38. Qc4 Qd2 39. Qd3 Qb2 1/2-1/2

[Event "69th RUS-ch Women Higher League 2019"]
[Site "Yaroslavl"]
[Date "2019.06.28"]
[Round "2.3"]
[White "Shuvalova, Polina"]
[Black "Protopopova, Anastasiya"]
[Result "1-0"]
[ECO "C72"]
[WhiteElo "2418"]
[BlackElo "2272"]
[Annotator "NA"]
[PlyCount "87"]
[EventDate "2019.06.27"]
[EventType "swiss"]
[EventCountry "RUS"]
[SourceTitle "playchess.com"]
[Source "ChessBase"]
[SourceQuality "1"]
[TimeControl "40/5400+30:1800+30"]

1. e4 e5 2. Nf3 Nc6 3. Bb5 a6 4. Ba4 d6 5. O-O Bd7 6. c4 g6 7. d4 exd4 8. Bxc6 Bxc6 9. Qxd4 Qf6 10. Qd3 Bg7 11. Nc3 h6 12. Be3 Qd8 13. Rad1 Nf6 14. c5 O-O 15. cxd6 cxd6 16. Nd4 Bd7 17. f3 b5 18. Nc2 Be6 19. Qxd6 Qxd6 20. Rxd6 Rfc8 21. Rd2 Bf8 22. Bd4 Nd7 23. Ne3 b4 24. Ncd5 Rab8 25. b3 Rb5 26. Nf4 a5 27. Nxe6 fxe6 28. Nc4 a4 29. Rfd1 axb3 30. axb3 Ra8 31. Be3 Nc5 32. Rd8 Rxd8 33. Rxd8 Nb7 34. Rb8 Kf7 35. Bd4 Be7 36. Ne5+ Rxe5 37. Bxe5 Na5 38. Kf1 Nxb3 39. Rb5 Nc1 40. Bf4 Nd3 41. Bxh6 Ke8 42. Ke2 Nb2 43. Bd2 Kd7 44. Rb7+ 1-0

[Event "69th RUS-ch Women Higher League 2019"]
[Site "Yaroslavl"]
[Date "2019.06.28"]
[Round "2.4"]
[White "Afonasieva, Anna"]
[Black "Ovod, Evgenija"]
[Result "1/2-1/2"]
[ECO "A43"]
[WhiteElo "2303"]
[BlackElo "2361"]
[Annotator "NA"]
[PlyCount "83"]
[EventDate "2019.06.27"]
[EventType "swiss"]
[EventCountry "RUS"]
[SourceTitle "playchess.com"]
[Source "ChessBase"]
[SourceQuality "1"]
[TimeControl "40/5400+30:1800+30"]

1. d4 Nf6 2. Nf3 c5 3. d5 b5 4. Bg5 Qb6 5. Bxf6 Qxf6 6. c3 d6 7. e3 a6 8. Nbd2 Nd7 9. a4 b4 10. cxb4 cxb4 11. Qb3 Bb7 12. a5 Nc5 13. Qxb4 Bxd5 14. e4 Bc6 15. Qb6 Bd7 16. Rc1 Rc8 17. Bxa6 Nxa6 18. Rxc8+ Bxc8 19. Qc6+ Kd8 20. Qb6+ Nc7 21. Nd4 Ba6 22. Nc6+ Kc8 23. Nf3 Qf4 24. Kd1 Qxe4 25. Nfd4 Bb7 26. Nb5 Qb1+ 27. Kd2 Qxb2+ 28. Kd1 Qb3+ 29. Kd2 Qd5+ 30. Ke1 Qe4+ 31. Kd2 Qd5+ 32. Ke1 Qe6+ 33. Kd2 Qa2+ 34. Ke1 Qa1+ 35. Kd2 Qb2+ 36. Kd1 Qb1+ 37. Kd2 Qb2+ 38. Kd1 Qb3+ 39. Kd2 Qa2+ 40. Ke1 Qe6+ 41. Kd2 Qd5+ 42. Ke1 1/2-1/2

[Event "69th RUS-ch Women Higher League 2019"]
[Site "Yaroslavl"]
[Date "2019.06.28"]
[Round "2.5"]
[White "Tomilova, Elena"]
[Black "Voit, Daria"]
[Result "1-0"]
[ECO "A46"]
[WhiteElo "2289"]
[BlackElo "2339"]
[Annotator "NA"]
[PlyCount "119"]
[EventDate "2019.06.27"]
[EventType "swiss"]
[EventCountry "RUS"]
[SourceTitle "playchess.com"]
[Source "ChessBase"]
[SourceQuality "1"]
[TimeControl "40/5400+30:1800+30"]

1. d4 Nf6 2. Nf3 e6 3. Bf4 c5 4. e3 Nc6 5. c3 Nh5 6. Bg5 Qb6 7. Nfd2 Qxb2 8. Nb3 Nf6 9. Bxf6 gxf6 10. Bd3 b6 11. O-O Na5 12. Nxa5 bxa5 13. Nd2 cxd4 14. cxd4 Qb6 15. Rb1 Qc7 16. Qf3 Rb8 17. Rxb8 Qxb8 18. Rb1 Qc7 19. Qxf6 Rg8 20. Bxh7 Be7 21. Qh6 Bf8 22. Qh5 Rg7 23. Be4 Ba6 24. Qe5 d6 25. Qf6 d5 26. Bf3 Bd3 27. Bd1 Bb4 28. Qxg7 Bxb1 29. Qg8+ Ke7 30. Nxb1 Qc1 31. Qg4 Qxb1 32. a4 Bd6 33. g3 Qg6 34. Qe2 Qb1 35. Kg2 Kf8 36. Bc2 Qb2 37. Qd3 Bb4 38. Qh7 Be1 39. Qd3 Qc3 40. Qe2 Qd2 41. Qxd2 Bxd2 42. g4 Kg7 43. Kf3 Kh6 44. h4 Bb4 45. Bd3 Be7 46. Kg3 Bd6+ 47. f4 Bb4 48. g5+ Kg7 49. h5 Kg8 50. Bb5 Bf8 51. Be8 Bg7 52. h6 Bh8 53. Bd7 Kf8 54. Kg4 Ke7 55. Bc8 Kf8 56. Kh5 Kg8 57. Bd7 Kf8 58. g6 Bf6 59. g7+ Kg8 60. Bxe6 1-0

[Event "69th RUS-ch Women Higher League 2019"]
[Site "Yaroslavl"]
[Date "2019.06.28"]
[Round "2.6"]
[White "Charochkina, Daria"]
[Black "Potapova, Margarita"]
[Result "1-0"]
[ECO "A18"]
[WhiteElo "2338"]
[BlackElo "2256"]
[Annotator "NA"]
[PlyCount "97"]
[EventDate "2019.06.27"]
[EventType "swiss"]
[EventCountry "RUS"]
[SourceTitle "playchess.com"]
[Source "ChessBase"]
[SourceQuality "1"]
[TimeControl "40/5400+30:1800+30"]

1. c4 Nf6 2. Nc3 e6 3. e4 d5 4. e5 d4 5. exf6 dxc3 6. bxc3 Qxf6 7. Nf3 b6 8. d4 Bb7 9. Bd3 h6 10. O-O Bd6 11. Nd2 Qh4 12. g3 Qh3 13. Ne4 O-O 14. Re1 Nc6 15. Rb1 Be7 16. Rb5 e5 17. Bf1 Qf5 18. Bd3 Qh3 19. d5 Na5 20. c5 a6 21. Bf1 Qf5 22. Rb2 Rfd8 23. c4 Qg6 24. Bd2 Bc8 25. cxb6 cxb6 26. d6 Bf8 27. Rxb6 Nb7 28. c5 Bf5 29. Bg2 Ra7 30. d7 Be6 31. c6 Nc5 32. Ba5 Nxd7 33. cxd7 Raxd7 34. Qe2 Rd5 35. Rxe6 Qxe6 36. Bxd8 Rxd8 37. g4 Rd4 38. Rb1 g6 39. h3 Be7 40. Rb8+ Kg7 41. Qb2 f5 42. gxf5 gxf5 43. Nc3 Bc5 44. Qb7+ Kg6 45. Bd5 Qf6 46. Rg8+ Kh5 47. Bf7+ Kh4 48. Rg6 Qe7 49. Qg2 1-0

[Event "69th RUS-ch Women Higher League 2019"]
[Site "Yaroslavl"]
[Date "2019.06.28"]
[Round "2.7"]
[White "Borisova, Ekaterina"]
[Black "Solozhenkina, Elizaveta"]
[Result "1-0"]
[ECO "E06"]
[WhiteElo "2267"]
[BlackElo "2324"]
[Annotator "NA"]
[PlyCount "119"]
[EventDate "2019.06.27"]
[EventType "swiss"]
[EventCountry "RUS"]
[SourceTitle "playchess.com"]
[Source "ChessBase"]
[SourceQuality "1"]
[TimeControl "40/5400+30:1800+30"]

1. d4 Nf6 2. c4 e6 3. g3 d5 4. Nf3 Be7 5. Bg2 O-O 6. O-O dxc4 7. Qc2 b5 8. a4 b4 9. Nfd2 c6 10. Nxc4 Qxd4 11. Rd1 Qc5 12. Be3 Qh5 13. Nbd2 e5 14. Nf3 Bf5 15. Qc1 e4 16. Nfd2 Ng4 17. h4 Qg6 18. Qc2 Nd7 19. Bxe4 Bxe4 20. Qxe4 Nxe3 21. Nxe3 Rfe8 22. Qxg6 hxg6 23. Nb3 Nc5 24. Na5 Bf6 25. Nac4 Nb3 26. Rab1 Rad8 27. Kf1 Bd4 28. Nc2 Bc5 29. e3 f6 30. Ke2 Kf8 31. Rxd8 Rxd8 32. Na1 Nxa1 33. Rxa1 Be7 34. Rc1 c5 35. b3 Kf7 36. Nb2 f5 37. Nd3 Rd5 38. Nf4 Rd7 39. Nd3 Rd5 40. Rc2 Kf6 41. Nf4 Rd7 42. Rd2 Rb7 43. Kd3 Rd7+ 44. Kc2 Rb7 45. Rd1 Kf7 46. Nd5 Rd7 47. Rd3 Rb7 48. Nxe7 Kxe7 49. Rd5 c4 50. bxc4 b3+ 51. Kb2 Rb4 52. Ra5 Rxc4 53. Rxa7+ Kf6 54. Kxb3 Rc1 55. Rd7 Rb1+ 56. Ka2 Rf1 57. Rd2 g5 58. hxg5+ Kxg5 59. a5 Rc1 60. Kb3 1-0

[Event "69th RUS-ch Women Higher League 2019"]
[Site "Yaroslavl"]
[Date "2019.06.28"]
[Round "2.8"]
[White "Belenkaya, Dina"]
[Black "Shafigullina, Zarina"]
[Result "1/2-1/2"]
[ECO "B31"]
[WhiteElo "2321"]
[BlackElo "2240"]
[Annotator "NA"]
[PlyCount "166"]
[EventDate "2019.06.27"]
[EventType "swiss"]
[EventCountry "RUS"]
[SourceTitle "playchess.com"]
[Source "ChessBase"]
[SourceQuality "1"]
[TimeControl "40/5400+30:1800+30"]

1. e4 c5 2. Nf3 Nc6 3. Bb5 g6 4. O-O Bg7 5. Re1 Nf6 6. e5 Nd5 7. Nc3 Nc7 8. Bxc6 dxc6 9. Ne4 b6 10. Nf6+ Kf8 11. Ne4 Bg4 12. d3 Ne6 13. Neg5 Nxg5 14. Bxg5 Qd5 15. Re4 Bf5 16. Ra4 h6 17. Be3 Kg8 18. d4 cxd4 19. Rxd4 Qe6 20. h3 c5 21. Rd2 Be4 22. c3 Qf5 23. Nh4 Qxe5 24. f4 Qe6 25. Nf3 Kh7 26. a4 Bc6 27. Bf2 Qe4 28. Bg3 Qe3+ 29. Kh2 Bxf3 30. gxf3 Bf6 31. Rd7 Kg7 32. a5 g5 33. Ra4 Qe6 34. Re4 Qa2 35. Re2 Qxa5 36. Qd5 Qb5 37. c4 Qb3 38. f5 Rhf8 39. Be5 Bxe5+ 40. Qxe5+ Kg8 41. Qd5 b5 42. Rexe7 Qxc4 43. Rxf7 Rxf7 44. Qxa8+ Kg7 45. Qxa7 Rxd7 46. Qxd7+ Kf6 47. Qh7 Qe2+ 48. Kg1 Qd1+ 49. Kg2 Qc2+ 50. Kg3 Qxf5 51. Qh8+ Kf7 52. Kg2 Qf6 53. Qh7+ Ke6 54. b3 Kd6 55. Qg8 b4 56. Kf2 Qe6 57. Qd8+ Ke5 58. Qh8+ Kd5 59. Qd8+ Qd6 60. Qg8+ Ke5 61. Qg7+ Qf6 62. Qg8 Qd6 63. Qg7+ Qf6 64. Qg8 Qe6 65. Qh8+ Kf5 66. Qf8+ Kg6 67. Qxc5 Qxb3 68. Qc6+ Kf5 69. Qc5+ Kf6 70. Qd6+ Kg7 71. Qe7+ Kg6 72. Qe8+ Qf7 73. Qe4+ Qf5 74. Qe8+ Kg7 75. Qe7+ Kg8 76. Qe8+ Qf8 77. Qe6+ Kg7 78. Qd7+ Kf6 79. Qd4+ Kf7 80. Qc4+ Kg6 81. Qe4+ Qf5 82. Qe8+ Qf7 83. Qe4+ Qf5 1/2-1/2

[Event "69th RUS-ch Women Higher League 2019"]
[Site "Yaroslavl"]
[Date "2019.06.28"]
[Round "2.9"]
[White "Mukhina, Jana"]
[Black "Maltsevskaya, Aleksandra"]
[Result "0-1"]
[ECO "A50"]
[WhiteElo "2090"]
[BlackElo "2316"]
[Annotator "NA"]
[PlyCount "66"]
[EventDate "2019.06.27"]
[EventType "swiss"]
[EventCountry "RUS"]
[SourceTitle "playchess.com"]
[Source "ChessBase"]
[SourceQuality "1"]
[TimeControl "40/5400+30:1800+30"]

1. d4 Nf6 2. c4 b6 3. Nc3 Bb7 4. Qc2 e6 5. e4 d5 6. cxd5 exd5 7. e5 Ne4 8. Bb5+ Nd7 9. Nxe4 dxe4 10. Bc6 Bb4+ 11. Kf1 Bxc6 12. Qxc6 O-O 13. Be3 b5 14. Qxe4 Nb6 15. Ne2 Nd5 16. Nf4 Nxf4 17. Bxf4 f6 18. Rc1 fxe5 19. Bxe5 Bd6 20. Qd5+ Kh8 21. h4 Bxe5 22. Qxe5 Re8 23. Qc5 Qf6 24. Rh3 h6 25. Re1 Rxe1+ 26. Kxe1 Qg6 27. Qc1 Qxg2 28. Qe3 Qg4 29. Kd2 Rd8 30. f4 c5 31. Qg3 Rxd4+ 32. Kc3 b4+ 33. Kc2 Qd1# 0-1

[Event "69th RUS-ch Women Higher League 2019"]
[Site "Yaroslavl"]
[Date "2019.06.28"]
[Round "2.10"]
[White "Guseva, Marina"]
[Black "Loskutova, Viktoriya"]
[Result "1-0"]
[ECO "E20"]
[WhiteElo "2379"]
[BlackElo "2019"]
[Annotator "NA"]
[PlyCount "67"]
[EventDate "2019.06.27"]
[EventType "swiss"]
[EventCountry "RUS"]
[SourceTitle "playchess.com"]
[Source "ChessBase"]
[SourceQuality "1"]
[TimeControl "40/5400+30:1800+30"]

1. d4 Nf6 2. c4 e6 3. Nc3 Bb4 4. f3 c5 5. d5 d6 6. e4 b5 7. Bd3 O-O 8. Nge2 exd5 9. cxd5 Nbd7 10. Bxb5 Qb6 11. O-O Ne5 12. Kh1 a6 13. Bd3 c4 14. Bc2 Re8 15. Na4 Qa7 16. Nd4 Bd7 17. Be3 Bxa4 18. Bxa4 Rec8 19. Nf5 Bc5 20. Bxc5 Rxc5 21. Qd2 Qc7 22. Qg5 Ng6 23. h4 h5 24. b4 cxb3 25. Bxb3 a5 26. Ba4 Rb8 27. Rab1 Rxb1 28. Rxb1 Nh7 29. Qg3 Rc1+ 30. Rxc1 Qxc1+ 31. Kh2 Qa3 32. Be8 Nf6 33. Qxd6 Qxa2 34. Bxf7+ 1-0

[Event "69th RUS-ch Women Higher League 2019"]
[Site "Yaroslavl"]
[Date "2019.06.28"]
[Round "2.11"]
[White "Khokhlova, Daria"]
[Black "Kovalevskaya, Ekaterina"]
[Result "0-1"]
[ECO "A57"]
[WhiteElo "2234"]
[BlackElo "2413"]
[Annotator "NA"]
[PlyCount "116"]
[EventDate "2019.06.27"]
[EventType "swiss"]
[EventCountry "RUS"]
[SourceTitle "playchess.com"]
[Source "ChessBase"]
[SourceQuality "1"]
[TimeControl "40/5400+30:1800+30"]

1. d4 Nf6 2. c4 c5 3. d5 b5 4. Qc2 bxc4 5. e4 d6 6. Bxc4 g6 7. h3 Bg7 8. Nf3 O-O 9. O-O Nfd7 10. Nc3 Nb6 11. Be2 Ba6 12. Bf4 Bxe2 13. Qxe2 N8d7 14. Rad1 Rb8 15. Nb5 Nc8 16. Nc3 Qa5 17. e5 Qb4 18. e6 Qxf4 19. exd7 Nb6 20. Qxe7 Rfd8 21. Rfe1 Rxd7 22. Qe2 Qb4 23. Ng5 Nc4 24. Qg4 Ne5 25. Qg3 h6 26. Nge4 f5 27. a3 Qa5 28. Nd2 Rxb2 29. f4 Ng4 30. hxg4 Qxc3 31. Nf3 Rb8 32. gxf5 gxf5 33. Qg6 Rf8 34. Qe6+ Rff7 35. Rb1 Kh7 36. a4 Qf6 37. a5 Rfe7 38. Qxf6 Rxe1+ 39. Nxe1 Bxf6 40. a6 Kg6 41. Nc2 Re7 42. Rb7 Re2 43. Na3 Ra2 44. Nb5 Rxa6 45. Rc7 Bd4+ 46. Kh2 Be3 47. g3 Ra2+ 48. Kh3 Bg1 49. g4 fxg4+ 50. Kxg4 h5+ 51. Kf3 Rf2+ 52. Kg3 Rb2 53. Nxd6 Bh2+ 54. Kf3 Rb3+ 55. Kg2 Bxf4 56. Rxa7 h4 57. Ne4 h3+ 58. Kf2 Kf5 0-1

[Event "69th RUS-ch Women Higher League 2019"]
[Site "Yaroslavl"]
[Date "2019.06.28"]
[Round "2.12"]
[White "Mokshanova, Elizaveta"]
[Black "Gritsayeva, Oksana"]
[Result "0-1"]
[ECO "B14"]
[WhiteElo "2020"]
[BlackElo "2381"]
[Annotator "NA"]
[PlyCount "84"]
[EventDate "2019.06.27"]
[EventType "swiss"]
[EventCountry "RUS"]
[SourceTitle "playchess.com"]
[Source "ChessBase"]
[SourceQuality "1"]
[TimeControl "40/5400+30:1800+30"]

1. e4 c6 2. d4 d5 3. exd5 cxd5 4. c4 Nf6 5. Nc3 g6 6. cxd5 Bg7 7. Qb3 O-O 8. Nge2 Na6 9. Nf4 Nc7 10. Be2 g5 11. Nd3 h6 12. h4 g4 13. Nf4 b5 14. a4 b4 15. Qxb4 Nfxd5 16. Qa5 Nxf4 17. Bxf4 Ne6 18. Qxd8 Rxd8 19. Be3 Nxd4 20. Bxd4 Bxd4 21. Rd1 Bf5 22. Nb5 Bxb2 23. O-O a5 24. Nc7 Rxd1 25. Rxd1 Ra7 26. Rd8+ Kg7 27. Nd5 Rd7 28. Rxd7 Bxd7 29. Nb6 Be6 30. Nc4 Bc3 31. Kh2 f5 32. Kg3 Bd7 33. Nb6 Be5+ 34. f4 gxf3+ 35. Kxf3 Bc6+ 36. Ke3 Bxg2 37. Nc4 Bc7 38. Kd4 Kf6 39. Kc5 f4 40. Kb5 e5 41. Nxa5 Bxa5 42. Kxa5 f3 0-1

[Event "69th RUS-ch Women Higher League 2019"]
[Site "Yaroslavl"]
[Date "2019.06.28"]
[Round "2.13"]
[White "Ambartsumova, Karina"]
[Black "Bykova, Anastasia"]
[Result "1/2-1/2"]
[ECO "D12"]
[WhiteElo "2359"]
[BlackElo "2229"]
[Annotator "NA"]
[PlyCount "81"]
[EventDate "2019.06.27"]
[EventType "swiss"]
[EventCountry "RUS"]
[SourceTitle "playchess.com"]
[Source "ChessBase"]
[SourceQuality "1"]
[TimeControl "40/5400+30:1800+30"]

1. d4 d5 2. c4 c6 3. Nf3 Nf6 4. e3 Bf5 5. Nc3 e6 6. Nh4 Bg6 7. Be2 dxc4 8. Nxg6 hxg6 9. Bxc4 a6 10. Qb3 Qc7 11. Be2 c5 12. dxc5 Bxc5 13. Na4 Nbd7 14. Nxc5 Nxc5 15. Qc2 Rc8 16. b4 Ncd7 17. Qxc7 Rxc7 18. Bb2 O-O 19. Bd3 a5 20. bxa5 Ra8 21. Ke2 Rxa5 22. Rhc1 Rxc1 23. Bxc1 Nc5 24. Bd2 Ra8 25. Bc4 Nfe4 26. Bb4 Rc8 27. f3 Nd6 28. Bd3 Nxd3 29. Kxd3 Nc4 30. a3 f6 31. Rb1 b5 32. Rb3 Kf7 33. Bc3 Rd8+ 34. Ke2 g5 35. Rxb5 Nxa3 36. Rc5 Rb8 37. Rc7+ Kg6 38. Rc6 Nb5 39. Bd2 Kf7 40. h3 Ke7 41. Rc2 1/2-1/2